 Dungeon Crawl Stone Soup version 0.30.0-5-g1a98f26d00 (webtiles) character file.

Game seed: 4670932603082898078

100753 SeerSkye the Warrior (level 15, 0/148 HPs)
             Began as a Minotaur Fighter on May 10, 2023.
             Was a High Priest of Cheibriados.
             Slain by an eight-headed hydra (7 damage)
             ... on level 4 of the Swamp.
             The game lasted 00:29:53 (21155 turns).

SeerSkye the Warrior (Minotaur Fighter)            Turns: 21155, Time: 00:29:54

Health: 0/148      AC: 26    Str: 39    XL:     15   Next: 81%
Magic:  5/23       EV:  8    Int: 24    God:    Cheibriados [*****.]
Gold:   2483       SH: 29    Dex: 27    Spells: 14/14 levels left

rFire   . . .        b - +0 broad axe (flame)
rCold   . . .        d - +2 tower shield {rN+}
rNeg    + . .        g - +3 plate armour {Will+}
rPois   .            N - +1 hat {Int+3}
rElec   .            D - scarf {shadows}
rCorr   .            R - +1 pair of gloves of Olemowam {Int+5}
SInv    +            E - +2 pair of boots
Will    ++...        h - amulet of reflection Stlth
                     j - +6 ring of dexterity
HPRegen 0.44/turn    G - ring of see invisible
MPRegen 0.18/turn

%: reflection
@: lethally poisoned (0 -> -29), very slow
A: horns 2, retaliatory headbutt
a: Renounce Religion, Bend Time, Temporal Distortion, Slouch, Step From Time


You were on level 4 of the Swamp.
You worshipped Cheibriados.
Cheibriados was extremely pleased with you.
You visited 5 branches of the dungeon, and saw 23 of its levels.
You also visited: Ossuary and Volcano.

You collected 2945 gold pieces.
You spent 462 gold pieces at shops.

Inventory:

Hand Weapons
 a - the +10 hand axe of the Healing Gods {spect, +Blink rPois Dex-4}
   (You found it on level 4 of the Dungeon)

   Dex:       It affects your dexterity (-4).
   rPois:     It protects you from poison.
   +Blink:    It lets you blink.
 b - a +0 broad axe of flaming (weapon)
Missiles
 i - 6 silver javelins
 r - 5 silver boomerangs (quivered)
Armour
 d - a +2 tower shield of positive energy (worn)
 g - a +3 plate armour of willpower (worn)
 D - a scarf of shadows (worn)
 E - a +2 pair of boots (worn)
 N - a +1 hat of intelligence (worn)
 R - the +1 pair of gloves of Olemowam (worn) {Int+5}
   (You found it on level 2 of the Swamp)

   Int:       It affects your intelligence (+5).
Jewellery
 h - an amulet of reflection (around neck)
 j - a +6 ring of dexterity (left hand)
 z - a ring of magical power
 G - a ring of see invisible (right hand)
 M - a +6 ring of dexterity
Wands
 n - a wand of mindburst (5)
 p - a wand of iceblast (19)
 u - a wand of charming (4)
 H - a wand of flame (22)
 O - a wand of quicksilver (6)
Scrolls
 e - 5 scrolls of fear
 f - 4 scrolls of immolation
 k - 10 scrolls of teleportation
 m - 5 scrolls of enchant armour
 q - 2 scrolls of poison
 t - 4 scrolls of summoning
 x - 4 scrolls of fog
 C - a scroll of identify {@r1}
 F - 6 scrolls of magic mapping
 P - a scroll of enchant weapon {unknown}
 Q - a scroll of noise {unknown}
Potions
 c - a potion of might
 l - 9 potions of curing {@q1}
 o - 4 potions of mutation
 s - 7 potions of brilliance
 v - 2 potions of flight
 y - 4 potions of magic
 A - a potion of cancellation
 B - a potion of invisibility
 I - 3 potions of lignification
 J - 3 potions of berserk rage
 K - 3 potions of attraction
Miscellaneous
 L - a tin of tremorstones (1/2)


   Skills:
 + Level 17.7 Fighting
 - Level 16.0 Axes
 + Level 14.6 Armour
 + Level 14.6 Shields
 + Level 13.0 Invocations


You had 14 spell levels left.
You didn't know any spells.
Your spell library contained the following spells:

 Spells                   Type           Power      Damage    Failure   Level
 Kiss of Death            Conj/Necr      0%         2d5       71%         1
 Shock                    Conj/Air       0%         1d3       71%         1
 Cigotuvi's Dreadful Rot  Necr/Pois/Air  0%         N/A       83%         2
 Ensorcelled Hibernation  Hex/Ice        0%         N/A       83%         2
 Passwall                 Tmut/Erth      0%         N/A       83%         2
 Sublimation of Blood     Necr           0%         N/A       83%         2
 Wereblood                Tmut           0%         N/A       83%         2
 Call Canine Familiar     Summ           0%         N/A       97%         3
 Confusing Touch          Hex            0%         N/A       97%         3
 Dazzling Flash           Conj/Hex       0%         N/A       97%         3
 Inner Flame              Hex/Fire       0%         N/A       97%         3
 Ozocubu's Armour         Ice            0%         N/A       97%         3
 Portal Projectile        Hex/Tloc       0%         N/A       97%         3
 Swiftness                Air            0%         N/A       97%         3
 Airstrike                Air            0%         2d(0-16)  100%        4
 Dispel Undead            Necr           0%         3d6       100%        4
 Flame Wave               Conj/Fire      0%         2d4       100%        4
 Leda's Liquefaction      Hex/Erth       0%         N/A       100%        4
 Sticky Flame             Conj/Fire      0%         2d3       100%        4
 Agony                    Necr           0%         N/A       100%        5
 Fireball                 Conj/Fire      0%         3d3       100%        5
 Iskenderun's Battlesphe  Conj           0%         2d6       100%        5
 Metabolic Englaciation   Hex/Ice        0%         N/A       100%        5
 Silence                  Hex/Air        0%         N/A       100%        5
 Summon Forest            Summ/Tloc      0%         N/A       100%        5
 Conjure Ball Lightning   Conj/Air       0%         3x3d6     100%        6
 Death Channel            Necr           0%         N/A       100%        6
 Eringya's Noxious Bog    Tmut/Pois      0%         N/A       100%        6
 Simulacrum               Ice/Necr       0%         N/A       100%        6
 Orb of Destruction       Conj           0%         9d5       100%        7
 Ozocubu's Refrigeration  Ice            0%         4d7       100%        7
 Summon Hydra             Summ           0%         N/A       100%        7
 Polar Vortex             Ice            0%         N/A       100%        9


Dungeon Overview and Level Annotations

Branches:
Dungeon (11/15) Zot: 38680  Temple (1/1) D:7 Zot: 8946    Lair (5/5) D:8 Zot: 36261
  Swamp (4/4) Lair:2 Zot: 31498   Snake (0/4) Lair:2        Slime (0/5) Lair:5
    Orc (2/2) D:10 Zot: 15184     Elf (0/3) Orc:2       Ossuary (visited)
Volcano (visited)

Altars:
Ashenzari
Cheibriados
Fedhas
Gozag
Hepliaklqana
Kikubaaqudgha
Makhleb
Ru
Uskayaw
Vehumet
Yredelemnul
The Shining One

Shops:
D:6 [[   D:8 *   Orc:2 ([*:

Annotations:
D:11 2 transporters
Lair:2 2 transporters, 1 runed translucent door, Dumidips's ghost, journeyman OpMo
Lair:5 2 runed translucent doors


Innate Abilities, Weirdness & Mutations

You have a pair of horns on your head.
You reflexively headbutt those who attack you in melee.


Message History

Okay, then.
You feel better.
You are engulfed in poison gas.
You are poisoned.
* * * LOW HITPOINT WARNING * * *
x2 You feel very sick.
The swamp dragon bites you but does no damage.
You block the swamp dragon's attack. x2
The swamp drake breathes poison at you.
The noxious blast engulfs you but does no damage.
You are more poisoned.
You feel better.
You are engulfed in poison gas.
You are poisoned.
* * * LOW HITPOINT WARNING * * *
You feel very sick. You block the swamp dragon's attack. x3
You feel better.
You are engulfed in poison gas.
You are poisoned.
* * * LOW HITPOINT WARNING * * *
You feel very sick.
You block the eight-headed hydra's attack.
The eight-headed hydra bites you but does no damage. x2
You block the eight-headed hydra's attack.
The eight-headed hydra barely misses you.
You block the eight-headed hydra's attack.
The eight-headed hydra bites you but does no damage. x2
The swamp dragon bites you but does no damage.
The swamp dragon closely misses you. You block the swamp dragon's attack.
Activating: Slouch (1% risk of failure)
Press: ? - help, Dir - look around, f - activate You can feel time thicken for a moment.
Cheibriados lowers the support of your attributes as your movement quickens.
You are engulfed in poison gas.
You are lethally poisoned!
* * * LOW HITPOINT WARNING * * *
x2 You feel extremely sick.
You block the eight-headed hydra's attack.
The eight-headed hydra barely misses you.
You block the eight-headed hydra's attack. x2
The eight-headed hydra bites you!
You die...

♣..~~.♣♣~§.♣
♣♣♣♣...~.♣....♣
♣~.....~~.~♣♣~.
♣♣.~~.~~~~♣♣♣♣.~ #
♣♣.~~~~♣♣.~♣ ♣♣~
#. ♣~..~~.♣ ~~..
♣. k~~
♣♣♣♣#..~~.♣♣ ~.♣~
♣♣
♣..♣♣♣.♣.)○).~..♣
~ ♣
♣♣........@°..~.§♣
≈.~..†..#DD[~~~~~♣
...k.....k.D~~~~♣♣
♣.~~.~÷~...÷~~~.♣
♣♣♣♣♣♣
.~♣~.~~~~.~~§~..♣
♣..~♣♣ ~
♣..~~..~~~~.~~♣
♣..~♣♣
♣......~~~~.♣♣♣
♣♣~...
~~..♣~.~♣.~.~♣
♣♣~~~~
§~~§.~♣≈~.~.♣♣
♣~~~~~


You could see an eight-headed hydra, 2 swamp dragons and a swamp drake.

Vanquished Creatures
  2 thorn hunters (Swamp:4)
  Gastronok (D:9)
  2 ghouls (Swamp:4)
  An orc warlord (Orc:2)
  2 eleionomae
  2 bunyips (Swamp:2)
  Josephine (Lair:5)
  8 hydras
  9 alligators
  2 boulder beetles
  3 two-headed ogres
  20 death yaks
  9 spriggans
  4 orc high priests (Orc:2)
  A hell knight (Volcano)
  Amaemon (D:11)
  A salamander mystic (Volcano)
  4 goliath frogs
  4 swamp dragons
  2 spriggan druids
  8 bog bodies
  3 lindwurms
  A harpy (shapeshifter) (D:8)
  A wolf spider (Lair:5)
  5 orc knights
  4 salamanders (Volcano)
  4 orc sorcerers (Orc:2)
  2 will-o-the-wisps
  A manticore (D:11)
  A guardian serpent (Lair:5)
  11 black mambas
  6 torpor snails
  2 molten gargoyles (Volcano)
  An orange demon (D:11)
  2 rime drakes
  9 cane toads
  2 unseen horror zombies (D:9)
  5 komodo dragons
  3 trolls
  15 hornets
  12 tyrant leeches
  3 polar bears
  4 wraiths (Lair:5)
  57 yaks
  4 basilisks
  Grum (D:11)
  3 vampire mosquitoes
  A fire bat (Volcano)
  A steam dragon (D:9)
  15 wyverns
  A redback (Lair:5)
  Menkaure (D:4)
  Edmund (D:4)
  17 swamp worms
  2 wargs
  3 nagas (Lair:2)
  An acid dragon (D:10)
  17 water moccasins
  4 swamp drakes
  23 orc warriors
  3 black bears (D:8)
  2 sky beasts
  An ice beast (D:7)
  6 centaurs (D:11)
  5 ogres
  5 wolves
  A phantom (D:6)
  6 kobold brigands
  A necrophage (Swamp:4)
  2 scorpions
  7 bullfrogs
  An elf zombie (Ossuary)
  A wyvern zombie (D:9)
  A gnoll sergeant (D:6)
  15 wights
  5 killer bees (D:7)
  2 electric eels
  10 howler monkeys
  7 lava snakes (Volcano)
  5 centaur zombies
  3 hounds
  2 human zombies (Ossuary)
  19 orc priests
  A gnoll bouda (D:8)
  A sleepcap (D:5)
  3 iguanas
  Natasha (thrice) (D:4)
  33 orc wizards
  2 mummies (Ossuary)
  Robin (D:4)
  3 howler monkey zombies (D:9)
  4 adders
  7 gnolls
  2 shadow imps
  A white imp (D:7)
  A worm (D:2)
  A dart slug (D:4)
  70 orcs
  10 endoplasms
  9 giant cockroaches
  5 gnoll zombies (Ossuary)
  20 goblins
  8 hobgoblins
  12 jackals
  19 kobolds
  6 quokkas
  5 ball pythons
  6 bats
  2 frilled lizards
  2 goblin zombies (Ossuary)
  2 hobgoblin zombies (Ossuary)
  An orc zombie (Ossuary)
  5 rats
  4 spectral weapons
695 creatures vanquished.

Vanquished Creatures (others)
  3 bloated husks
  An orc wizard (Orc:2)
  2 kobolds (D:9)
  6 foxfires
  11 spectral weapons
23 creatures vanquished.

Grand Total: 718 creatures vanquished

Notes
Turn   | Place    | Note
-------+----------+-------------------------------------------
     0 | D:1      | SeerSkye the Minotaur Fighter began the quest for the Orb.
     0 | D:1      | Reached XP level 1. HP: 19/19 MP: 0/0
   121 | D:1      | Reached XP level 2. HP: 27/27 MP: 1/1
   456 | D:1      | Reached skill level 4 in Fighting
   639 | D:1      | Reached XP level 3. HP: 33/33 MP: 2/2
  1653 | D:3      | Reached XP level 4. HP: 29/41 MP: 3/3
  1756 | D:3      | Found a burning altar of Makhleb.
  2275 | D:4      | Reached skill level 5 in Axes
  2321 | D:4      | Noticed Edmund
  2336 | D:4      | Killed Edmund
  2337 | D:4      | Reached skill level 5 in Fighting
  2337 | D:4      | Reached XP level 5. HP: 34/48 MP: 4/4
  2465 | D:4      | Noticed Menkaure
  2472 | D:4      | Killed Menkaure
  2473 | D:4      | Reached XP level 6. HP: 45/57 MP: 5/5
  2884 | D:4      | Noticed Natasha
  2889 | D:4      | Killed Natasha
  2890 | D:4      | Reached skill level 6 in Fighting
  2893 | D:4      | Noticed Robin
  2898 | D:4      | Killed Robin
  2972 | D:4      | Noticed Natasha
  2981 | D:4      | Killed Natasha
  3075 | D:4      | Identified the +10 hand axe of the Healing Gods {spect,
                  | +Blink rPois Dex-4}
  3169 | D:4      | Noticed Natasha
  3175 | D:4      | Killed Natasha
  3343 | D:5      | Entered Level 5 of the Dungeon
  3391 | D:5      | Reached XP level 7. HP: 64/64 MP: 6/6
  3699 | D:5      | Reached skill level 7 in Fighting
  4310 | D:6      | Reached XP level 8. HP: 69/73 MP: 7/7
  4370 | D:6      | Found Golemuo's Antique Armour Shop.
  4378 | D:6      | Bought an embroidered scarf for 224 gold pieces
  4429 | D:6      | Reached skill level 10 in Axes
  4691 | D:6      | Found a sand-covered staircase.
  4698 | Ossuary  | Entered an ossuary
  4707 | Ossuary  | Reached skill level 8 in Fighting
  4827 | D:6      | Bought a pair of runed boots for 210 gold pieces
  4885 | D:6      | Found Xevieg's Armour Shop.
  5165 | D:6      | Found a glowing golden altar of the Shining One.
  5319 | D:7      | Found a staircase to the Ecumenical Temple.
  5335 | Temple   | Entered the Ecumenical Temple
  5355 | Temple   | Became a worshipper of Cheibriados the Contemplative
  5434 | D:7      | Noticed a boulder beetle
  5448 | D:7      | Killed a boulder beetle
  5449 | D:7      | Reached skill level 9 in Fighting
  5449 | D:7      | Reached XP level 9. HP: 81/84 MP: 8/8
  5731 | D:7      | Reached skill level 1 in Invocations
  5741 | D:7      | Found a radiant altar of Vehumet.
  5903 | D:7      | Reached skill level 10 in Fighting
  6234 | D:8      | Reached * piety under Cheibriados
  6263 | D:8      | Reached XP level 10. HP: 85/94 MP: 6/11
  6420 | D:8      | Reached ** piety under Cheibriados
  6421 | D:8      | Reached skill level 11 in Fighting
  6425 | D:8      | Identified the +4 robe of the Quiescent Wumpus {Rampage
                  | Drain SInv Stlth-}
  6582 | D:8      | Noticed a harpy
  6584 | D:8      | Killed a harpy
  6593 | D:8      | Reached skill level 15 in Axes
  6698 | D:8      | Reached skill level 5 in Invocations
  6765 | D:8      | Found Xalus's Demolitions Depot.
  6843 | D:8      | Found a staircase to the Lair.
  7039 | D:9      | Reached *** piety under Cheibriados
  7148 | D:9      | Found a sacrificial altar of Ru.
  7248 | D:9      | Reached XP level 11. HP: 96/102 MP: 12/14
  7278 | D:9      | Noticed Gastronok
  7288 | D:9      | Killed Gastronok
  7713 | D:10     | Entered Level 10 of the Dungeon
  7890 | D:10     | Reached skill level 5 in Armour
  7890 | D:10     | Reached skill level 5 in Shields
  7893 | D:10     | Reached **** piety under Cheibriados
  7982 | D:10     | Noticed a two-headed ogre
  7988 | D:10     | Killed a two-headed ogre
  7989 | D:10     | Reached skill level 12 in Fighting
  8045 | D:10     | Found a staircase to the Orcish Mines.
  8082 | D:10     | Found an opulent altar of Gozag.
  8431 | D:10     | Found an ancient bone altar of Kikubaaqudgha.
  8432 | D:10     | Found a hazy altar of Hepliaklqana.
  8574 | D:11     | Noticed Grum
  8582 | D:11     | Killed Grum
  8600 | D:11     | Noticed Amaemon
  8602 | D:11     | Noticed a boulder beetle
  8607 | D:11     | Killed Amaemon
  8613 | D:11     | Killed a boulder beetle
  8762 | D:11     | Noticed a deep elf knight
  8769 | D:11     | Found a transporter.
  8771 | D:11     | Found a transporter.
  9254 | D:11     | Noticed a two-headed ogre
  9260 | D:11     | Killed a two-headed ogre
  9287 | D:11     | Noticed a fire crab
  9360 | D:11     | Reached XP level 12. HP: 90/113 MP: 16/16
  9772 | Orc:1    | Entered Level 1 of the Orcish Mines
  9886 | Orc:1    | Reached ***** piety under Cheibriados
 10122 | Orc:2    | Entered Level 2 of the Orcish Mines
 10124 | Orc:2    | Paralysed by an orc sorcerer for 2 turns
 10129 | Orc:2    | Reached skill level 13 in Fighting
 10679 | Orc:2    | Found a staircase to the Elven Halls.
 10762 | Orc:2    | Noticed an orc high priest
 10762 | Orc:2    | Noticed an orc high priest
 10770 | Orc:1    | Noticed a two-headed ogre
 10775 | Orc:1    | Killed a two-headed ogre
 10949 | Orc:2    | Killed an orc high priest
 10950 | Orc:2    | Noticed an orc high priest
 11111 | Orc:2    | Killed an orc high priest
 11113 | Orc:2    | Killed an orc high priest
 11434 | Orc:2    | Noticed an orc high priest
 11440 | Orc:2    | Killed an orc high priest
 11441 | Orc:2    | Reached skill level 14 in Fighting
 11463 | Orc:2    | Noticed an orc warlord
 11477 | Orc:2    | Killed an orc warlord
 11478 | Orc:2    | Reached XP level 13. HP: 73/124 MP: 8/18
 11681 | Orc:2    | Found Miram's Antique Armour Boutique.
 11682 | Orc:2    | Found Ytial's General Store.
 11682 | Orc:2    | Found Tef Tack's Book Boutique.
 11682 | Orc:2    | Found Xicycw's Antique Weapon Shop.
 11706 | Orc:2    | Bought a scroll of identify for 28 gold pieces
 12043 | Lair:1   | Entered Level 1 of the Lair of Beasts
 13122 | Lair:2   | Reached skill level 10 in Shields
 13137 | Lair:2   | Reached skill level 10 in Armour
 13187 | Lair:2   | Found a transporter.
 13216 | Lair:2   | Found a runed translucent door.
 13218 | Lair:2   | Noticed Dumidips's ghost (journeyman OpMo)
 13218 | Lair:2   | Identified the +4 trident of Might {freeze, Fragile Int+5
                  | Dex+3}
 13388 | Lair:2   | Found a staircase to the Swamp.
 13478 | Lair:2   | Found a transporter.
 13706 | Lair:2   | Found a staircase to the Snake Pit.
 15035 | Lair:4   | Found a dark tunnel.
 15045 | Volcano  | Entered a volcano
 15613 | Volcano  | Found a radiant altar of Vehumet.
 15640 | Volcano  | Reached skill level 15 in Fighting
 15640 | Volcano  | Reached skill level 10 in Invocations
 15673 | Volcano  | Identified the +9 ring mail of Abstinence {Harm Fly rF+
                  | Regen+}
 15929 | Lair:4   | Identified the +3 dagger of the Swamp {flame, Dex+3}
 16096 | Lair:4   | Reached XP level 14. HP: 135/135 MP: 20/20
 16517 | Lair:5   | Entered Level 5 of the Lair of Beasts
 16517 | Lair:5   | Noticed Josephine
 16525 | Lair:5   | Killed Josephine
 16705 | Lair:5   | Reached skill level 16 in Fighting
 16707 | Lair:5   | Reached ****** piety under Cheibriados
 16911 | Lair:5   | Found a runed translucent door.
 16914 | Lair:5   | Found a staircase to the Slime Pits.
 16914 | Lair:5   | Noticed an acid blob
 17273 | Lair:5   | Found a runed translucent door.
 18164 | Swamp:1  | Entered Level 1 of the Swamp
 18344 | Swamp:1  | Reached XP level 15. HP: 144/145 MP: 22/22
 19021 | Swamp:2  | Identified the +1 pair of gloves of Olemowam {Int+5}
 19103 | Swamp:2  | Reached skill level 17 in Fighting
 20427 | Swamp:4  | Entered Level 4 of the Swamp
 20631 | Swamp:4  | Noticed a thorn hunter
 20643 | Swamp:4  | Killed a thorn hunter
 20928 | Swamp:4  | Noticed a thorn hunter
 20940 | Swamp:4  | Killed a thorn hunter
 21155 | Swamp:4  | HP: 7/148 [poisoned by a swamp dragon (poison gas)]
 21155 | Swamp:4  | Slain by an eight-headed hydra

Illustrated notes

Levels and vault maps discovered:
D:1:      minmay_arrival_five_plusses, layout_basic, minmay_pentomino_s4
D:2:      layout_basic, serial_rivers, chequers_serial_rivers_micro_e,
          chequers_serial_rivers_large_a, chequers_serial_rivers_micro_a,
          chequers_serial_rivers_micro_d, chequers_serial_rivers_large_b,
          grunt_decor_arrowhead
D:3:      layout_loops_ring, mainiacjoe_overflow_paths
D:4:      layout_loops_corners, kennysheep_decorative_pillar, uniq_menkaure,
          uniq_robin, uniq_edmund, uniq_natasha
D:5:      layout_gridville, grunt_ministairs_15, minmay_misc_feat_rows
D:6:      layout_loops_cross, tso_altar, enter_ossuary_1, serial_shops,
          nicolae_shop_behind_doors, nicolae_stop_n_shop_2, grunt_ministairs_3
D:7:      layout_basic, marbit_many_paths, minmay_temple_entry_waves,
          serial_glass, glass_columns_b, glass_columns_a
D:8:      kennysheep_blocky_room, layout_cave_pools, minmay_lair_entry_grove,
          nicolae_blasting_shop, grunt_decor_resistance
D:9:      layout_cave_pools, nicolae_overflow_hidden_temple, serial_undead,
          serial_undead_a, serial_undead_e, serial_undead_c, serial_undead_f,
          serial_undead_e, serial_undead_e, chequers_mini_garden, uniq_gastronok
D:10:     layout_irregular_city, grunt_gozag_breadcrumbs,
          gammafunk_temple_overflow_statue, orc_0_dummy
D:11:     gammafunk_wand_slinger, layout_grid_maze, grunt_ministairs_5,
          uniq_amaemon, uniq_grum
Temple:   regret_index_temple_waves
Lair:1:   layout_gridlike, infiniplex_staircase_pool_2
Lair:2:   gammafunk_worm_tunnel, layout_cave_pods,
          nicolae_swamp_entry_splash_gauntlet,
          minmay_snake_entry_guardpost_small, ebering_ghost_funeral_grove
Lair:3:   layout_loops_ring, infiniplex_staircase_pool
Lair:4:   layout_gridlike, nicolae_volcano_entry_two_sided
Lair:5:   hangedman_lair_tendril_chambers, layout_loops_ring, wormcave,
          slime_entry_2, uniq_josephine
Swamp:1:  layout_basic_swamp, evilmike_swamp_ruin_house_5, swamp_pool1
Swamp:2:  layout_basic_swamp, evilmike_swamp_ruin_rubble_2,
          nicolae_swamp_orc_logging_accident, swamp_pool1
Swamp:3:  layout_falls_marsh, serial_swamp_ruin, evilmike_swamp_ruin_house_3,
          evilmike_swamp_ruin_house_4, swamp_pool3
Swamp:4:  swamp_old_school, layout_basic_swamp, swamp_pool1,
          nicolae_swamp_very_dense_foliage
Orc:1:    layout_diamond_mine
Orc:2:    st_orc_congregation, layout_diamond_mine

Skill      XL: |  1  2  3  4  5  6  7  8  9 10 11 12 13 14 15 |
---------------+----------------------------------------------+-----
Axes           | 3 4 6 7 9 12 13 15 16 | 16.0
Fighting       | 4 5 6 7 9 10 11 12 14 15 16 17 | 17.7
Invocations    | 2 5 7 8 10 11 13 | 13.0
Armour         | 4 7 9 11 13 14 | 14.6
Shields        | 4 7 9 11 13 14 | 14.6

Action                     |  1- 3 |  4- 6 |  7- 9 | 10-12 | 13-15 || total
---------------------------+-------+-------+-------+-------+-------++-------
  Melee: War axe           |   120 |   105 |       |       |       ||   225
         Headbutt          |    16 |    13 |    27 |    78 |   156 ||   290
         Hand axe          |       |     6 |   141 |   301 |   523 ||   971
         Broad axe         |       |       |       |       |    31 ||    31
  Throw: Boomerang         |       |       |       |     2 |       ||     2
 Invoke: Bend Time         |       |       |     1 |     1 |       ||     2
         Slouch            |       |       |       |     5 |    10 ||    15
         Temporal Distorti |       |       |       |     4 |     4 ||     8
         Step From Time    |       |       |       |     1 |     1 ||     2
  Evoke: Wand              |       |       |       |     2 |     6 ||     8
         Tin of tremorston |       |       |       |       |     1 ||     1
    Use: Scroll            |     3 |     2 |     5 |     4 |    12 ||    26
         Potion            |       |     1 |     3 |     1 |     7 ||    12
   Stab: Distracted        |       |       |     2 |     6 |    17 ||    25
 Armour: Scale mail        |    34 |       |       |       |       ||    34
         Chain mail        |    29 |    35 |    32 |    64 |       ||   160
         Plate armour      |       |       |       |     4 |   192 ||   196
  Dodge: Dodged            |    29 |    42 |    17 |    68 |    83 ||   239
  Block: Buckler           |    52 |    66 |    41 |   140 |     5 ||   304
         Reflection        |       |     5 |     1 |    19 |    35 ||    60
         Tower shield      |       |       |       |       |   640 ||   640
